 Dungeon Crawl Stone Soup version 0.25-a0-890-g62861fb (webtiles) character file.

Game seed: 3255716706506789429, levelgen mode: deterministic

196 Faca the Ruffian (level 5, -2/54 HPs)
             Began as a Troll Fighter on May 8, 2020.
             Slain by Pikel
             ... wielding a +1 whip of flaming
              (3 damage)
             ... while paralysed by Pikel
             ... on level 4 of the Dungeon.
             The game lasted 00:05:06 (2402 turns).

Faca the Ruffian (Troll Fighter)                    Turns: 2402, Time: 00:05:07

Health: -2/54      AC:  7    Str: 25    XL:     5   Next: 45%
Magic:  4/4        EV:  1    Int:  4    God:
Gold:   92         SH:  0    Dex:  9    Spells: 4/4 levels left

rFire    . . .     SeeInvis .     - Unarmed
rCold    . . .     Gourm    +   b - +1 kite shield
rNeg     . . .     Faith    .   a - +0 robe
rPois    .         Spirit   .   (helmet restricted)
rElec    .         Reflect  +   i - +0 cloak
rCorr    .         Harm     .   (gloves unavailable)
MR       .....                  (boots unavailable)
Stlth    +.........             h - +3 amulet of reflection
HPRegen  0.58/turn              l - ring of stealth
MPRegen  0.09/turn              m - ring of attention (curse)

@: paralysed
A: large, unfitting armour, claws 3, fast metabolism 3, gourmand, regeneration
1, shaggy fur 1, tough skin 3
a: no special abilities


You were on level 4 of the Dungeon.
You were very full.

You visited 1 branch of the dungeon, and saw 4 of its levels.

You collected 92 gold pieces.

Inventory:

Missiles
 e - 6 javelins (quivered)
Armour
 a - a +0 robe (worn)
 b - a +1 kite shield (worn)
 i - a +0 cloak (worn)
Jewellery
 h - a +3 amulet of reflection (around neck)
 l - a ring of stealth (left claw)
 m - a cursed ring of attention (right claw)
Scrolls
 f - 2 scrolls of teleportation
Potions
 c - 2 potions of might
 g - a potion of mutation {unknown}
 j - a potion of cancellation
 k - a potion of lignification {unknown}
 n - a potion of ambrosia {unknown}
 o - a potion of heal wounds
 q - a potion of flight {unknown}
 r - a potion of magic {unknown}
Comestibles
 d - 12 rations


   Skills:
 + Level 4.0 Fighting
 - Level 2.4 Dodging
 - Level 2.4 Shields
 + Level 4.3 Unarmed Combat


You had 4 spell levels left.
You didn't know any spells.
Your spell library contained the following spells:

 Spells                   Type           Power        Failure   Level  Hunger
 Confusing Touch          Hex            #.......     100%        3    ####...
 Gell's Gravitas          Tloc           #.........   100%        3    ####...
 Petrify                  Tmut/Erth      #.......     100%        4    #####..
 Metabolic Englaciation   Hex/Ice        #.........   100%        5    ######.
 Yara's Violent Unravell  Hex/Tmut       #.........   100%        5    ######.


Dungeon Overview and Level Annotations

Branches:
Dungeon (4/15)
 Temple: D:4-7

Altars:
Trog
Xom

Annotations:
D:4 Pikel


Innate Abilities, Weirdness & Mutations

You are too large for most types of armour.
You have claws for hands.
Your metabolism is lightning-fast.
You like to eat raw meat.
Your natural rate of healing is unusually fast.
You are covered in fur. (AC +1)
You have extremely tough skin. (AC +3)


Message History

Pikel zaps a wand.
You suddenly lose the ability to move!
Pikel hits you with a +1 whip of flaming!
Pikel burns you.
Pikel hits you with a +1 whip of flaming.
* * * LOW HITPOINT WARNING * * *
Pikel burns you.
* * * LOW HITPOINT WARNING * * *
Pikel zaps a wand.
You shrug off the repeated paralysis!
The now-empty wand crumbles to dust.
Pikel hits you with a +1 whip of flaming.
* * * LOW HITPOINT WARNING * * *
Pikel burns you.
* * * LOW HITPOINT WARNING * * *
Pikel hits you but does no damage.
Pikel hits you with a +1 whip of flaming!
* * * LOW HITPOINT WARNING * * *
Pikel burns you.
* * * LOW HITPOINT WARNING * * *
Pikel hits you with a +1 whip of flaming.
You die...

### #.# ..# #.# #.#
#.# #.# #.# #@# #.#
. #K# #.#
....###p####.#
...pp.pp.....#######
...####............#
############.# #.#
#.# #.#


You could see Pikel and 3 slaves.

Vanquished Creatures
  A centaur zombie (D:3)
  Natasha (D:3)
  Robin (D:3)
  4 adders
  3 worms (D:2)
  3 dart slugs (D:2)
  2 leopard geckos (D:1)
  6 orcs (D:3)
  5 bats
  3 giant cockroaches
  9 goblins
  12 hobgoblins
  4 kobolds
  A quokka (D:3)
  3 frilled lizards
  A jackal skeleton (D:4)
  10 rats
69 creatures vanquished.

Notes
Turn   | Place    | Note
-------+----------+-------------------------------------------
     0 | D:1      | Faca the Troll Fighter began the quest for the Orb.
     0 | D:1      | Reached XP level 1. HP: 22/22 MP: 0/0
   152 | D:1      | You fall into a shaft and drop 1 floor!
   174 | D:2      | Found a bloodstained altar of Trog.
   213 | D:1      | Reached XP level 2. HP: 29/29 MP: 1/1
   985 | D:2      | Reached XP level 3. HP: 37/37 MP: 2/2
  1587 | D:3      | Reached XP level 4. HP: 40/45 MP: 3/3
  1858 | D:3      | Reached XP level 5. HP: 54/54 MP: 4/4
  1962 | D:3      | Noticed Robin
  1971 | D:3      | Killed Robin
  1971 | D:3      | Noticed Natasha
  1988 | D:3      | Killed Natasha
  2020 | D:3      | Found a shimmering altar of Xom.
  2020 | D:3      | Found a shimmering altar of Xom.
  2023 | D:3      | Found a shimmering altar of Xom.
  2024 | D:3      | Found a shimmering altar of Xom.
  2025 | D:3      | Found a shimmering altar of Xom.
  2380 | D:4      | Noticed a slave
  2381 | D:4      | Noticed a slave
  2381 | D:4      | Noticed Pikel
  2382 | D:4      | Noticed a slave
  2382 | D:4      | Noticed a slave
  2388 | D:4      | Paralysed by Pikel for 5 turns
  2398 | D:4      | Paralysed by Pikel for 6 turns
  2402 | D:4      | HP: 2/54 [Pikel/+1 whip of flaming (11)]
  2402 | D:4      | Slain by Pikel

Levels and vault maps discovered:
D:1:      scummos_arrival_checkerplants, layout_basic
D:2:      minmay_chambers_of_ones, layout_loops_ring, overflow_temple_1_default
D:3:      layout_rooms, grunt_decor_cap, xom_redecorated, uniq_natasha,
          uniq_robin
D:4:      layout_loops_ring, kennysheep_little_box, marbit_many_paths,
          overflow_temple_1_default, old_standard_altar,
          minmay_temple_entry_enclosed_plants, first_ration, uniq_pikel

Skill      XL: |  1  2  3  4  5 |
---------------+----------------+-----
Fighting       | 3 4 |  4.0
Unarmed Combat | 3 4 |  4.3
Dodging        | |  2.4
Shields        | |  2.4

Action                   |  1- 3 |  4- 6 || total
-------------------------+-------+-------++-------
Melee: Unarmed           |    95 |   105 ||   200
  Use: Scroll            |     6 |     2 ||     8
 Stab: Sleeping          |     1 |       ||     1
  Eat: Chunk             |    18 |     8 ||    26
Armor: Robe              |    29 |    35 ||    64
Dodge: Dodged            |    24 |    17 ||    41
Block: Kite shield       |    49 |    69 ||   118

Table legend:
 A = Non-vault XP
 B = Vault XP
 C = Vault XP percentage of total XP
 D = Non-vault monster count
 E = Vault monster count
 F = Vault count percentage of total count
                 A         B        C        D         E       F
            +---------+---------+-------+---------+---------+-------
      Total |     177 |     103 |  36.8 |      50 |      19 |  27.5
            +---------+---------+-------+---------+---------+-------
        D:1 |      27 |       0 |   0.0 |      16 |       0 |   0.0
        D:2 |      30 |      28 |  48.3 |      14 |       5 |  26.3
        D:3 |     119 |      75 |  38.7 |      19 |      14 |  42.4
        D:4 |       1 |       0 |   0.0 |       1 |       0 |   0.0
            +---------+---------+-------+---------+---------+-------
